AoeStats
← Mono_Alum

Arena

510083885Analyzed
1v1 RM · 2d ago on Sep 29, 2026· 53m 54s· 2 players
Game mode
Random Map
Map size
Tiny (2 player)
Population
200
Speed
Normal
Resources
Standard
Victory
Conquest
Starting age
Dark Age
Ending age
Imperial Age
RankedLock teamsTeams togetherTeam positionsShared explorationLock speedFull tech treeHidden civsTurbo modeCheats
Victory
Defeat
🇲🇾 Spanish · Malaysia
928
+18
🇬🇪 Japanese · Georgia
964
-18
Mono_Alum
10:41 Feudal Age
8:56 Loom
12:01 Double-Bit Axe
14:37 Castle Age
13:44 Horse Collar
14:15 Gold Mining
23:12 Husbandry
23:28 Scale Barding Armor
24:06 Fletching
25:19 Forging
25:27 Bloodlines
25:36 Town Watch
26:02 Bow Saw
26:34 Forging
27:45 Heavy Plow
29:38 Wheelbarrow
29:30 Light Cavalry
30:33 Chain Barding Armor
33:21 Imperial Age
32:35 Bodkin Arrow
33:01 Ballistics
32:38 Murder Holes
33:18 Hand Cart
34:04 Iron Casting
33:58 Scale Mail Armor
34:34 Town Patrol
34:46 Cavalier
36:47 Conscription
37:35 Chemistry
37:07 Masonry
38:24 Two-Man Saw
37:17 Stone Mining
38:15 Plate Barding Armor
38:29 Guilds
40:40 Architecture
39:32 Elite Conquistador
41:28 Blast Furnace
43:56 Bracer
44:13 Chain Mail Armor
44:19 Paladin
46:29 Padded Archer Armor
47:05 Plate Mail Armor
45:56 Pikeman
46:37 Squires
50:31 Bombard Tower
giorgi0805
11:01 Feudal Age
12:25 Horse Collar
14:55 Castle Age
13:08 Double-Bit Axe
15:56 Bow Saw
17:26 Heavy Plow
18:05 Wheelbarrow
18:28 Fletching
19:50 Stone Mining
22:58 Ballistics
25:12 Bodkin Arrow
26:41 Forging
26:32 Scale Mail Armor
27:14 Masonry
27:17 Murder Holes
29:08 Iron Casting
28:48 Chain Mail Armor
29:26 Hand Cart
30:11 Town Watch
34:11 Imperial Age
31:40 Guard Tower
32:48 Padded Archer Armor
32:54 Yasama
32:39 Treadmill Crane
32:56 Gold Mining
33:49 Fortified Wall
35:13 Conscription
34:57 Bracer
35:20 Siege Engineers
35:54 Plate Mail Armor
37:08 Hoardings
39:08 Chemistry
40:29 Kataparuto
41:59 Blast Furnace
43:36 Herbal Medicine
46:46 Keep
47:35 Two-Man Saw
47:17 Gold Shaft Mining
46:46 Town Patrol
49:54 Squires
Connection lost

Rejoining the realm…

Still unreachable

The connection could not be restored.

Session expired

The server has moved on; the page needs a fresh start.